BSA
PORTLAND CARDS @ NEW ORLEANS LOOTERS
09/17/2029
 
TOP OF THE 1ST
Portland Cards batting - Pitching for New Orleans Looters : RHP Edward Baker
Pitching: RHP Edward Baker
Batting: RHB Dani Vázquez 0-0: Called Strike
0-1: Ball
1-1: Foul Ball, location: 2F
1-2: Strikes out swinging
Batting: RHB António Zúńiga 0-0: Ball
1-0: Ground out 4-3 (Groundball, 4)
Batting: LHB Jeff Daniels 0-0: SINGLE (Line Drive, 6MD)
Batting: LHB Troy Donaldson 0-0: Swinging Strike
0-1: Ground out 4-3 (Groundball, 4)
Top of the 1st over - 0 runs, 1 hit, 0 errors, 1 left on base; Portland 0 - New Orleans 0
BOTTOM OF THE 1ST
New Orleans Looters batting - Pitching for Portland Cards : RHP Gustavo Ramos
Pitching: RHP Gustavo Ramos
Batting: SHB Arturo Sánchez 0-0: Called Strike
0-1: Ball
1-1: Foul Ball, location: 2F
1-2: SINGLE (Groundball, 56D)
Batting: RHB Rubén Vázquez 0-0: Ball
1-0: Foul Ball, location: 2F
1-1: Ball
2-1: Fly out, F7 (Flyball, 78S)
Batting: LHB Jorge Martínez 0-0: Called Strike
0-1: Ball
1-1: Ball
2-1: Fielders Choice at 2nd, 4-6 (Groundball, 4)
Batting: LHB Taylor Smith 0-0: Ball
1-0: Ball
2-0: Ball
3-0: Called Strike
3-1: Fielders Choice at 2nd, 5-4 (Groundball, 56)
Bottom of the 1st over - 0 runs, 1 hit, 0 errors, 1 left on base; Portland 0 - New Orleans 0
TOP OF THE 2ND
Portland Cards batting - Pitching for New Orleans Looters : RHP Edward Baker
Batting: LHB Paul Mullins 0-0: Fly out, F7 (Flyball, 78M)
Batting: LHB Bill Murphy 0-0: Ball
1-0: Ball
2-0: Ball
3-0: Base on Balls
Batting: RHB Manolo Román 0-0: Fly out, F7 (Line Drive, 7LM)
Batting: LHB Chance Santry 0-0: Called Strike
0-1: Ball
1-1: SINGLE (Groundball, 34D)
Bill Murphy to second
Runner from 2nd tries for 3rd, SAFE, throw made to third
Batting: RHB Mario Méndez 0-0: Ball
1-0: Ball
2-0: Foul Ball, location: 2F
2-1: Swinging Strike
2-2: Strikes out looking
Top of the 2nd over - 0 runs, 1 hit, 0 errors, 2 left on base; Portland 0 - New Orleans 0
BOTTOM OF THE 2ND
New Orleans Looters batting - Pitching for Portland Cards : RHP Gustavo Ramos
Batting: SHB Oliver Deleón 0-0: Ball
1-0: DOUBLE (Groundball, 3L)
Batting: RHB John Mendelson 0-0: Ball
1-0: Ball
2-0: Ball
3-0: Base on Balls
Batting: RHB Greg Handrahan 0-0: Called Strike
0-1: Foul Ball, location: 2F
0-2: Foul Ball, location: 2F
0-2: Strikes out looking
Batting: RHB Dave O'Loan 0-0: Swinging Strike
0-1: Ball
1-1: Ground out U3 (Groundball, 34S)
Oliver Deleón to third
John Mendelson to second
Batting: SHB Derek Roach 0-0: Ball
1-0: Swinging Strike
1-1: Ball
2-1: SINGLE (Line Drive, 56)
Oliver Deleón scores
John Mendelson to third
Throwing error, E7
John Mendelson scores
Derek Roach to second
Batting: SHB Arturo Sánchez 0-0: SINGLE (Line Drive, 78M)
Derek Roach to third
Runner from 3rd tries for Home, SAFE, no throw
Batting: RHB Rubén Vázquez 0-0: Ball
Arturo Sánchez steals 2nd base
1-0: Called Strike
1-1: SINGLE (Line Drive, 9LS)
Arturo Sánchez to third
Runner from 3rd tries for Home, SAFE, no throw
Batting: LHB Jorge Martínez 0-0: Foul Ball, location: 2F
0-1: Ball
1-1: Foul Ball, location: 2F
1-2: Ball
2-2: Foul Ball, location: 2F
2-2: SINGLE (Flyball, 78M)
Rubén Vázquez to second
Batting: LHB Taylor Smith 0-0: Called Strike
0-1: Swinging Strike
0-2: Foul Ball, location: 2F
0-2: Foul Ball, location: 2F
0-2: Ball
1-2: Fly out, F7 (Flyball, 7S)
Bottom of the 2nd over - 4 runs, 5 hits, 1 error, 2 left on base; Portland 0 - New Orleans 4
TOP OF THE 3RD
Portland Cards batting - Pitching for New Orleans Looters : RHP Edward Baker
Batting: RHB Dani Vázquez 0-0: Ball
1-0: Ball
2-0: Foul Ball, location: 2F
2-1: Fly out, F8 (Flyball, 8LD)
Batting: RHB António Zúńiga 0-0: Called Strike
0-1: Foul Ball, location: 2F
0-2: Ball
1-2: Ball
2-2: Strikes out swinging
Batting: LHB Jeff Daniels 0-0: Ball
1-0: Ball
2-0: Ball
3-0: Called Strike
3-1: Ground out 1-3 (Groundball, 13S)
Top of the 3rd over - 0 runs, 0 hits, 0 errors, 0 left on base; Portland 0 - New Orleans 4
BOTTOM OF THE 3RD
New Orleans Looters batting - Pitching for Portland Cards : RHP Gustavo Ramos
Batting: SHB Oliver Deleón 0-0: Ground out 5-3 (Groundball, 56)
Batting: RHB John Mendelson 0-0: Ball
1-0: Swinging Strike
1-1: SINGLE (Groundball, 4MD)
Batting: RHB Greg Handrahan 0-0: Foul Ball, location: 2F
0-1: Fly out, F3 (Line Drive, 34S)
Lined into DP, U3 (Line Drive, 34S)
Bottom of the 3rd over - 0 runs, 1 hit, 0 errors, 0 left on base; Portland 0 - New Orleans 4
TOP OF THE 4TH
Portland Cards batting - Pitching for New Orleans Looters : RHP Edward Baker
Batting: LHB Troy Donaldson 0-0: Ball
1-0: Swinging Strike
1-1: Fly out, F7 (Flyball, 78S)
Batting: LHB Paul Mullins 0-0: Called Strike
0-1: Ball
1-1: Foul Ball, location: 2F
1-2: Ball
2-2: Ball
3-2: Strikes out swinging
Batting: LHB Bill Murphy 0-0: Fly out, F5 (Popup, 5SF)
Top of the 4th over - 0 runs, 0 hits, 0 errors, 0 left on base; Portland 0 - New Orleans 4
BOTTOM OF THE 4TH
New Orleans Looters batting - Pitching for Portland Cards : RHP Gustavo Ramos
Batting: RHB Dave O'Loan 0-0: Ball
1-0: Ball
2-0: Called Strike
2-1: SINGLE (Groundball, 5D)
Batting: SHB Derek Roach 0-0: Ball
1-0: Foul Ball, location: 2F
1-1: Ball
2-1: Fly out, F8 (Flyball, 78M)
Batting: SHB Arturo Sánchez 0-0: Foul Ball, location: 2F
0-1: Ball
1-1: Ball
2-1: Fielders Choice at 2nd, 4-6 (Groundball, 4M)
Batting: RHB Rubén Vázquez 0-0: Called Strike
Arturo Sánchez steals 2nd base
0-1: Ball
1-1: Ground out 6-3 (Groundball, 6)
Bottom of the 4th over - 0 runs, 1 hit, 0 errors, 1 left on base; Portland 0 - New Orleans 4
TOP OF THE 5TH
Portland Cards batting - Pitching for New Orleans Looters : RHP Edward Baker
Batting: RHB Manolo Román 0-0: Ball
1-0: Ground out 5-3 (Groundball, 5)
Batting: LHB Chance Santry 0-0: Ball
1-0: Ball
2-0: Foul Ball, location: 2F
2-1: Fly out, F6 (Line Drive, 6)
Batting: RHB Mario Méndez 0-0: Ball
1-0: Ball
2-0: Fly out, F8 (Flyball, 78M)
Top of the 5th over - 0 runs, 0 hits, 0 errors, 0 left on base; Portland 0 - New Orleans 4
BOTTOM OF THE 5TH
New Orleans Looters batting - Pitching for Portland Cards : RHP Gustavo Ramos
Batting: LHB Jorge Martínez 0-0: Foul Ball, location: 2F
0-1: Ball
1-1: Ball
2-1: Ball
3-1: Foul Ball, location: 2F
3-2: Base on Balls
Batting: LHB Taylor Smith 0-0: Called Strike
0-1: Fly out, F9 (Flyball, 9S)
Batting: SHB Oliver Deleón 0-0: Called Strike
0-1: Swinging Strike
0-2: Fly out, F7 (Flyball, 78XD)
Batting: RHB John Mendelson 0-0: Swinging Strike
0-1: Ball
1-1: Ball
2-1: Ball
3-1: Foul Ball, location: 2F
3-2: SINGLE (Line Drive, 4S) (infield hit)
Jorge Martínez to second
Batting: RHB Greg Handrahan 0-0: Ball
1-0: Swinging Strike
1-1: Swinging Strike
1-2: Strikes out swinging
Bottom of the 5th over - 0 runs, 1 hit, 0 errors, 2 left on base; Portland 0 - New Orleans 4
TOP OF THE 6TH
Portland Cards batting - Pitching for New Orleans Looters : RHP Edward Baker
Batting: RHB Dani Vázquez 0-0: Swinging Strike
0-1: Ball
1-1: Foul Ball, location: 2F
1-2: Ball
2-2: Strikes out swinging
Batting: RHB António Zúńiga 0-0: Ball
1-0: Ball
2-0: Called Strike
2-1: DOUBLE (Flyball, 8RXD)
Batting: LHB Jeff Daniels 0-0: Foul Ball, location: 2F
0-1: SINGLE (Groundball, 4MD)
António Zúńiga to third
Runner from 3rd tries for Home, SAFE, no throw
Batting: LHB Troy Donaldson 0-0: Ball
1-0: SINGLE (Groundball, 4MD)
Jeff Daniels to second
Batting: LHB Paul Mullins 0-0: Ball
1-0: DOUBLE (Line Drive, 8RXD)
Jeff Daniels scores
Troy Donaldson to third
Batting: LHB Bill Murphy 0-0: Ball
1-0: Ball
2-0: Foul Ball, location: 2F
2-1: Swinging Strike
2-2: Fly out, F7 (Line Drive, 78D)
Runner from 3rd tags up, SCORES, no throw
Batting: RHB Manolo Román 0-0: Ball
1-0: Ball
2-0: Foul Ball, location: 2F
2-1: Ball
3-1: Base on Balls
Batting: LHB Chance Santry 0-0: Called Strike
0-1: Ball
1-1: Ball
2-1: SINGLE (Line Drive, 8LS)
Paul Mullins to third
Manolo Román to second
Batting: RHB Mario Méndez 0-0: Called Strike
0-1: Ball
1-1: Foul Ball, location: 2F
1-2: Foul Ball, location: 2F
1-2: Foul Ball, location: 2F
1-2: Ball
2-2: Foul Ball, location: 2F
2-2: Ball
3-2: SINGLE (Line Drive, 56)
Paul Mullins scores
Manolo Román to third
Chance Santry to second
Manolo Román scores
Chance Santry to third
Pitching: LHP Tadao Yoshida
Batting: RHB Dani Vázquez 0-0: Fielders Choice at 2nd, 6-4 (Groundball, 6)
Top of the 6th over - 5 runs, 6 hits, 0 errors, 2 left on base; Portland 5 - New Orleans 4
BOTTOM OF THE 6TH
New Orleans Looters batting - Pitching for Portland Cards : RHP Gustavo Ramos
Pitching: RHP Butch Ramey
Batting: RHB Dave O'Loan 0-0: Swinging Strike
0-1: Ball
1-1: Ball
2-1: Foul Ball, location: 2F
2-2: Foul Ball, location: 2F
2-2: Strikes out looking
Batting: SHB Derek Roach 0-0: Ball
1-0: Ground out U3 (Groundball, 3)
Batting: SHB Arturo Sánchez 0-0: Foul Ball, location: 2F
0-1: Foul Ball, location: 2F
0-2: Ball
1-2: Ground out 4-3 (Groundball, 4)
Bottom of the 6th over - 0 runs, 0 hits, 0 errors, 0 left on base; Portland 5 - New Orleans 4
TOP OF THE 7TH
Portland Cards batting - Pitching for New Orleans Looters : LHP Tadao Yoshida
Batting: RHB António Zúńiga 0-0: Called Strike
0-1: Ball
1-1: Foul Ball, location: 2F
1-2: Ground out 5-3 (Groundball, 5L)
Batting: LHB Jeff Daniels 0-0: Ball
1-0: Called Strike
1-1: Ball
2-1: Called Strike
2-2: Ground out 4-3 (Groundball, 4)
Batting: LHB Troy Donaldson 0-0: Called Strike
0-1: Foul Ball, location: 2F
0-2: Ball
1-2: Foul Ball, location: 2F
1-2: Foul Ball, location: 2F
1-2: Strikes out swinging
Top of the 7th over - 0 runs, 0 hits, 0 errors, 0 left on base; Portland 5 - New Orleans 4
BOTTOM OF THE 7TH
New Orleans Looters batting - Pitching for Portland Cards : RHP Butch Ramey
Batting: RHB Rubén Vázquez 0-0: Ball
1-0: Ball
2-0: Called Strike
2-1: Ground out 4-3 (Groundball, 4)
Batting: LHB Jorge Martínez 0-0: Ball
1-0: Swinging Strike
1-1: Foul Ball, location: 2F
1-2: Ball
2-2: Foul Ball, location: 2F
2-2: Ground out 4-3 (Groundball, 4)
Batting: LHB Taylor Smith 0-0: Swinging Strike
0-1: Ball
1-1: Ball
2-1: Ball
3-1: Foul Ball, location: 2F
3-2: Fly out, F7 (Flyball, 78D)
Bottom of the 7th over - 0 runs, 0 hits, 0 errors, 0 left on base; Portland 5 - New Orleans 4
TOP OF THE 8TH
Portland Cards batting - Pitching for New Orleans Looters : LHP Tadao Yoshida
Batting: LHB Paul Mullins 0-0: Foul Ball, location: 2F
0-1: Foul Ball, location: 2F
0-2: Strikes out swinging
Batting: LHB Bill Murphy 0-0: Ground out U3 (Groundball, 3)
Batting: RHB Manolo Román 0-0: Ball
1-0: Foul Ball, location: 2F
1-1: SINGLE (Line Drive, 7LM)
Pinch Hitting: RHB Aaron Scott 0-0: Called Strike
0-1: Ball
1-1: Called Strike
1-2: Ball
2-2: Ball
3-2: Base on Balls
Manolo Román to second
Batting: RHB Mario Méndez 0-0: SINGLE (Line Drive, 78M)
Manolo Román to third
Aaron Scott to second
Batting: RHB Dani Vázquez 0-0: Ball
1-0: Called Strike
1-1: Foul Ball, location: 2F
1-2: Ball
2-2: Ball
3-2: Foul Ball, location: 2F
3-2: Base on Balls
Manolo Román scores
Aaron Scott to third
Mario Méndez to second
Batting: RHB António Zúńiga 0-0: Called Strike
0-1: Ball
1-1: Foul Ball, location: 2F
1-2: Strikes out swinging
Top of the 8th over - 1 run, 2 hits, 0 errors, 3 left on base; Portland 6 - New Orleans 4
BOTTOM OF THE 8TH
New Orleans Looters batting - Pitching for Portland Cards : RHP Butch Ramey
Now in RF: Ezechiele Bruno
Batting: SHB Oliver Deleón 0-0: Called Strike
0-1: Ball
1-1: Foul Ball, location: 2F
1-2: Ground out 4-3 (Groundball, 4)
Batting: RHB John Mendelson 0-0: Swinging Strike
0-1: Ball
1-1: SINGLE (Groundball, 6MD)
Batting: RHB Greg Handrahan 0-0: Ball
1-0: Ball
2-0: Swinging Strike
2-1: Foul Ball, location: 2F
2-2: Foul Ball, location: 2F
2-2: Ball
3-2: SINGLE (Groundball, 4D)
John Mendelson to second
Runner from 2nd tries for 3rd, SAFE, no throw
Pinch Hitting: LHB John Hudson 0-0: Called Strike
0-1: Foul Ball, location: 2F
0-2: SINGLE (Groundball, 5D)
John Mendelson scores
Greg Handrahan to second
Pitching: LHP Allan Bader
Batting: SHB Derek Roach 0-0: Fly out, F9 (Flyball, 9LMF)
Batting: SHB Arturo Sánchez 0-0: Called Strike
0-1: Ground out 3-1 (Groundball, 34)
Bottom of the 8th over - 1 run, 3 hits, 0 errors, 2 left on base; Portland 6 - New Orleans 5
TOP OF THE 9TH
Portland Cards batting - Pitching for New Orleans Looters : LHP Tadao Yoshida
Pitching: LHP Juan Méndez
Now at SS: Tim Gardner
Batting: LHB Jeff Daniels 0-0: Ball
1-0: Foul Ball, location: 2F
1-1: SINGLE (Line Drive, 6D)
Batting: LHB Troy Donaldson 0-0: Swinging Strike
0-1: Ball
1-1: Foul Ball, location: 2F
1-2: Strikes out swinging
Batting: LHB Paul Mullins 0-0: Fly out, F8 (Flyball, 8RXD)
Pinch Hitting: RHB Eugene Gill 0-0: Fly out, F7 (Line Drive, 7)
Top of the 9th over - 0 runs, 1 hit, 0 errors, 1 left on base; Portland 6 - New Orleans 5
BOTTOM OF THE 9TH
New Orleans Looters batting - Pitching for Portland Cards : LHP Allan Bader
Pitching: LHP Valentín Reséndez
Now at 2B: Eugene Gill
Batting: RHB Rubén Vázquez 0-0: Ball
1-0: Called Strike
1-1: Called Strike
1-2: Ball
2-2: Foul Ball, location: 2F
2-2: Foul Ball, location: 2F
2-2: DOUBLE (Flyball, 9LD)
Batting: LHB Jorge Martínez 0-0: Ball
1-0: Called Strike
1-1: Ball
2-1: Foul Ball, location: 2F
2-2: Foul Ball, location: 2F
2-2: Foul Ball, location: 2F
2-2: Foul Ball, location: 2F
2-2: Foul Ball, location: 2F
2-2: Ball
3-2: Base on Balls
Batting: LHB Taylor Smith 0-0: Ball
1-0: SINGLE (Line Drive, 89S)
Rubén Vázquez to third
Jorge Martínez to second
Runner from 3rd tries for Home, SAFE, no throw
Batting: SHB Oliver Deleón 0-0: Called Strike
0-1: Called Strike
0-2: Strikes out swinging
Batting: RHB John Mendelson 0-0: Called Strike
0-1: Called Strike
0-2: Ball
1-2: Ball
2-2: Fly out, F7 (Flyball, 78D)
Pinch Hitting: RHB Run-ming Zhu 0-0: Ball
1-0: Foul Ball, location: 2F
1-1: Called Strike
1-2: Ball
2-2: Ball
3-2: Base on Balls
Jorge Martínez to third
Taylor Smith to second
Batting: RHB Tim Gardner 0-0: Ball
1-0: Foul Ball, location: 2F
1-1: Foul Ball, location: 2F
1-2: Foul Ball, location: 2F
1-2: Ball
2-2: Foul Ball, location: 2F
2-2: Fielders Choice at 2nd, 5-4 (Groundball, 56)
Bottom of the 9th over - 1 run, 2 hits, 0 errors, 3 left on base; Portland 6 - New Orleans 6
TOP OF THE 10TH
Portland Cards batting - Pitching for New Orleans Looters : LHP Juan Méndez
Now in LF: Eduardo Rodríguez
Batting: RHB Manolo Román 0-0: Swinging Strike
0-1: SINGLE (Groundball, 6MD)
Pinch Hitting: RHB Peter Hensley 0-0: Bunted foul
0-1: Bunt missed!
0-2: Ball
1-2: Strikes out swinging
Batting: RHB Mario Méndez 0-0: Fly out, F8 (Line Drive, 8LM)
Batting: RHB Dani Vázquez 0-0: Ball
1-0: TRIPLE (Flyball, 9LD)
Manolo Román scores
Pinch Runner at 3rd Jesús Gutiérrez:
Batting: RHB António Zúńiga 0-0: Fly out, F6 (Line Drive, 6)
Top of the 10th over - 1 run, 2 hits, 0 errors, 1 left on base; Portland 7 - New Orleans 6
BOTTOM OF THE 10TH
New Orleans Looters batting - Pitching for Portland Cards : LHP Valentín Reséndez
Pitching: RHP Taylor Bowen
Now at SS: Jesús Gutiérrez
Now in CF: Peter Hensley
Batting: SHB Derek Roach 0-0: Ball
1-0: Foul Ball, location: 2F
1-1: Called Strike
1-2: Strikes out swinging
Batting: SHB Arturo Sánchez 0-0: Called Strike
0-1: Reached on error, E6 (Groundball, 6D)
Batting: RHB Rubén Vázquez 0-0: Ball
1-0: Foul Ball, location: 2F
1-1: Ball
2-1: DOUBLE (Line Drive, 78S)
Arturo Sánchez to third
Runner from 3rd tries for Home, SAFE, no throw
Batting: LHB Jorge Martínez 0-0: Intentional Walk
Batting: LHB Taylor Smith 0-0: Ball
1-0: SINGLE (Groundball, 4MD)
Rubén Vázquez to third
Jorge Martínez to second
Batting: SHB Oliver Deleón 0-0: Called Strike
0-1: Ball
1-1: Foul Ball, location: 2F
1-2: Ball
2-2: DOUBLE (Line Drive, 78D)
Rubén Vázquez scores
Saturday, December 16th, 2017 - OOTP Baseball 18.8 Build 76